 Dungeon Crawl Stone Soup version 0.31-a0-237-g2d982f9f85 (webtiles) character file.

Game seed: 8154817454305421218

32 qw the Shooter (level 3, -1/29 HPs)
             Began as a Minotaur Hexslinger on July 11, 2023.
             Slain by Robin
             ... wielding a +0 dagger
              (4 damage)
             ... on level 2 of the Dungeon.
             The game lasted 00:00:20 (993 turns).

qw the Shooter (Minotaur Hexslinger)                 Turns: 993, Time: 00:00:20

Health: -1/29      AC:  5    Str: 12    XL:     3   Next: 10%
Magic:  3/3        EV: 11    Int: 10    God:
Gold:   79         SH:  0    Dex: 14    Spells: 3/4 levels left

rFire   . . .        Y - +1 sling
rCold   . . .        (no shield)
rNeg    . . .        f - +0 ring mail
rPois   .            (helmet restricted)
rElec   .            (no cloak)
rCorr   .            (no gloves)
SInv    .            (no boots)
Will    .....        (no amulet)
Stlth   +            (no ring)
HPRegen 0.24/turn    (no ring)
MPRegen 0.08/turn

%: no passive effects
@: no status effects
A: horns 2, retaliatory headbutt
a: no special abilities


You were on level 2 of the Dungeon.
You visited 1 branch of the dungeon, and saw 2 of its levels.

You collected 79 gold pieces.


Innate Abilities, Weirdness & Mutations

You have a pair of horns on your head.
You reflexively headbutt those who attack you in melee.


   Skills:
 - Level 2.0 Fighting
 + Level 3.6 Ranged Weapons
 - Level 2.1 Dodging
 - Level 1.0 Spellcasting
 - Level 2.0 Hexes


You had 3 spell levels left.
You knew the following spells:

 Your Spells              Type           Power      Damage    Failure   Level
a - Slow                  Hex            16%        N/A       34%         1

Your spell library contained the following spells:

 Spells                   Type           Power      Damage    Failure   Level
 Inner Flame              Hex/Fire       2%         N/A       83%         3
 Portal Projectile        Hex/Tloc       4%         N/A       83%         3
 Cause Fear               Hex            2%         N/A       98%         4

Inventory:

Hand Weapons
 Y - a +1 sling (weapon)
Armour
 f - a +0 ring mail (worn)

Dungeon Overview and Level Annotations

Branches:
Dungeon (2/15)

Altars:

Annotations:
D:2 Robin


Message History

You kill the rat!
The goblin hits you but does no damage.
Robin roars a battlecry!
The goblins go into a battle-frenzy!
The hobgoblin hits you but does no damage.
The hobgoblin hits you. The goblin hits you with a +0 club.
You shoot a sling bullet. The sling bullet hits the goblin.
The goblin is moderately wounded.
The goblin hits you with a +0 club. x2
The hobgoblin hits you but does no damage.
You shoot a sling bullet. The sling bullet hits the goblin!
You kill the goblin!
The hobgoblin hits you. The goblin hits you but does no damage.
The goblin unwields a +0 sling.
The goblin wields a +0 dagger.
The goblin hits you with a +0 dagger.
You have reached level 3!
Your experience leads to an increase in your attributes!
Increase (S)trength, (I)ntelligence, or (D)exterity?
You feel agile. x2
You shoot a sling bullet.
The sling bullet closely misses the hobgoblin.
The sling bullet closely misses the goblin.
The sling bullet hits Robin!
Robin is heavily wounded.
Robin throws the goblin at you! The hobgoblin misses you.
You furiously retaliate!
You headbutt the hobgoblin.
You kill the hobgoblin!
The goblin hits you with a +0 dagger. The goblin misses you.
The goblin hits you with a +0 dagger. x2; The goblin closely misses you.
The goblin barely misses you. You furiously retaliate!
You headbutt the goblin.
You kill the goblin!
You shoot a sling bullet. The sling bullet hits the goblin.
You kill the goblin!
The goblin closely misses you. You furiously retaliate!
You headbutt the goblin. The goblin hits you with a +0 dagger.
The goblin hits you but does no damage.
You shoot a sling bullet.
The sling bullet barely misses the goblin.
The goblin completely misses you. The goblin hits you with a +0 dagger.
Robin hits you with a +0 dagger.
You die...

...####.#####
.......#.%<.#
#.###.# ##.# #.#
#..# #.# #.## #.#
# #.# #.#.
.####.####g###....
.......<)@g.).....
####.#####g#######
#.# .(# ... ##.#
... ..#


You could see Robin and 2 goblins.

Vanquished Creatures
  2 endoplasms (D:1)
  A giant cockroach (D:1)
  8 goblins
  3 hobgoblins
  A quokka (D:1)
  4 bats (D:1)
  2 frilled lizards (D:1)
  4 kobolds
  5 rats
30 creatures vanquished.

Notes
Turn   | Place    | Note
-------+----------+-------------------------------------------
     0 | D:1      | qw the Minotaur Hexslinger began the quest for the Orb.
     0 | D:1      | Reached XP level 1. HP: 16/16 MP: 1/1
     0 | D:1      | 0 ||| qw: Version: 0.3-a-52-g30416fa
     0 | D:1      | 0 ||| qw: Game counter: 5491
     0 | D:1      | 0 ||| qw: Melee chars always use a shield: true
     0 | D:1      | 0 ||| qw: God list: Okawaru
     0 | D:1      | 0 ||| qw: Allow faded altars: false
     0 | D:1      | 0 ||| qw: Do Orc after clearing Dungeon:15 true
     0 | D:1      | 0 ||| qw: Do second Lair branch before Depths: true
     0 | D:1      | 0 ||| qw: Lair rune preference: random
     0 | D:1      | 0 ||| qw: Goals: Normal
     0 | D:1      | 0 ||| PLANNING D:1-11
    98 | D:1      | Found a faded altar of an unknown god.
   236 | D:1      | Reached skill level 3 in Ranged Weapons
   297 | D:1      | Reached XP level 2. HP: 22/23 MP: 2/2
   866 | D:1      | 866 ||| UPGRADING to +0 ring mail.
   876 | D:1      | 876 ||| DROPPING +0 robe.
   877 | D:1      | 877 ||| READING scroll labelled CIMPIA XEWNUO.
   878 | D:1      | 878 ||| READING scroll labelled RAULEI PEMAM.
   879 | D:1      | 879 ||| READING scroll labelled EMIBAE NUCZAXUD.
   880 | D:1      | 880 ||| DROPPING scroll of poison.
   947 | D:2      | 947 ||| FLEEEEING.
   948 | D:2      | 948 ||| FLEEEEING.
   949 | D:2      | 949 ||| FLEEEEING.
   950 | D:2      | 950 ||| STAIRDANCE
   963 | D:2      | 963 ||| STAIRDANCE
   985 | D:2      | Noticed Robin
   991 | D:2      | Reached XP level 3. HP: 12/29 MP: 3/3
   992 | D:2      | HP: 3/29 [goblin/+0 dagger[Robin] (5)]
   993 | D:2      | Slain by Robin

Levels and vault maps discovered:
D:1:      dpeg_arrival_rhombus, layout_loops_ring,
          dreamdust_ecumenical_altar_hidden_monk_grotto,
          nicolae_figureground_pulse
D:2:      layout_loops_ring, uniq_robin

Skill      XL: |  1  2 |
---------------+-------+-----
Ranged Weapons | 3 |  3.6
Fighting       | 2 |  2.0
Dodging        | |  2.1
Spellcasting   | |  1.0
Hexes          | |  2.0

Action                     || total
---------------------------++-------
   Fire: Sling             ||    74
    Use: Scroll            ||     3
 Armour: Robe              ||     5
         Ring mail         ||    11
  Dodge: Dodged            ||    22

Table legend:
 A = Non-vault XP
 B = Vault XP
 C = Vault XP percentage of total XP
 D = Non-vault monster count
 E = Vault monster count
 F = Vault count percentage of total count
                 A         B        C        D         E       F
            +---------+---------+-------+---------+---------+-------
      Total |      34 |      13 |  27.7 |      23 |       7 |  23.3
            +---------+---------+-------+---------+---------+-------
        D:1 |      29 |       0 |   0.0 |      19 |       0 |   0.0
        D:2 |       5 |      13 |  72.2 |       4 |       7 |  63.6
            +---------+---------+-------+---------+---------+-------
